 Dungeon Crawl Stone Soup version 0.30-a0-137-gd8773701ce (webtiles) character file.

Game seed: 12372031601064361950

44 zishaf the Gusty (level 3, -2/30 HPs)
             Began as a Tengu Air Elementalist on Sept 23, 2022.
             Killed by their own static electricity (3 damage)
             ... on level 4 of the Dungeon.
             The game lasted 00:03:56 (2295 turns).

zishaf the Gusty (Tengu Air Elementalist)           Turns: 2295, Time: 00:03:56

Health: -2/30      AC: 21    Str:  8    XL:     3   Next: 62%
Magic:  1/7        EV:  2    Int: 17    God:
Gold:   200        SH:  0    Dex: 14    Spells: 0/6 levels left

rFire   . . .      SeeInvis .    t - +1 whip (elec)
rCold   . . .      Faith    .    (no shield)
rNeg    . . .      Spirit   .    (body armour currently unavailable)
rPois   +          Reflect  .    (helmet currently unavailable)
rElec   .          Harm     .    (cloak currently unavailable)
rCorr   .          Rampage  .    (gloves currently unavailable)
Will    .....      NoTele   +    (boots unavailable)
Stlth   ++........               (no amulet)
HPRegen 0.10/turn                k - +4 ring of evasion
MPRegen 0.10/turn                u - +4 ring of evasion

@: tree-form
A: stationary, stasis, torment immunity, boosted hp, (beak), (talons 3)
a: no special abilities


You were on level 4 of the Dungeon.
You were a tree.
You visited 1 branch of the dungeon, and saw 4 of its levels.

You collected 200 gold pieces.

Inventory:

Hand Weapons
 t - a +1 whip of electrocution (weapon)
Armour
 a - a +0 robe (melded)
Jewellery
 k - a +4 ring of evasion (left branch)
 l - a ring of wizardry
 u - a +4 ring of evasion (right branch)
Wands
 e - a wand of digging (5)
Scrolls
 v - a scroll of butterflies
Potions
 b - a potion of magic
 d - a potion of cancellation {unknown}
 f - 2 potions of curing
 g - 3 potions of haste {unknown}
 m - 4 potions of lignification
 n - 2 potions of heal wounds {unknown}
 o - a potion of attraction {unknown}
 s - a potion of ambrosia {unknown}


   Skills:
 + Level 1.2 Fighting
 - Level 2.1 Dodging
 - Level 2.0 Stealth
 + Level 2.4 Spellcasting
 + Level 2.4 Conjurations
 + Level 4.6 Air Magic


You couldn't memorise any spells.
You knew the following spells:

 Your Spells              Type           Power      Damage    Failure   Level
a - Shock                 Conj/Air       56%        1d6       4%          1
A - Static Discharge      Conj/Air       28%        2-4/arc   6%          2
B - Swiftness             Air            17%        N/A       9%          3

Your spell library contained the following spells:

 Spells                   Type           Power      Damage    Failure   Level
 Apportation              Tloc           4%         N/A       19%         1
 Airstrike                Air            8%         2d(2-18)  26%         4
 Alistair's Intoxication  Tmut/Pois      1%         N/A       99%         5


Dungeon Overview and Level Annotations

Branches:
Dungeon (4/15)
 Temple: D:4-7

Altars:


Innate Abilities, Weirdness & Mutations

You are a tree.
Your roots penetrate the ground, keeping you stationary.
You cannot be teleported.
You are immune to unholy pain and torment.
Your maximum health is greatly increased.
Your equipment is partially melded.
((You have a beak for a mouth.))
((You have claws for feet.))


Message History

The black bear is severely wounded.
The black bear bites you.
The black bear claws you but does no damage. x2
You barely miss the black bear.
The black bear is severely wounded.
The black bear barely misses you.
The black bear claws you but does no damage. x2
You hit the black bear.
The black bear is severely wounded.
The black bear goes berserk!
The black bear bites you but does no damage.
The black bear claws you but does no damage. x2
You hit the black bear.
The black bear is severely wounded.
The black bear bites you but does no damage.
The black bear claws you but does no damage. x2
You hit the black bear.
The black bear is almost dead.
The black bear bites you! The black bear barely misses you.
The black bear claws you but does no damage.
The black bear completely misses you. The black bear claws you. x2
* * * LOW HITPOINT WARNING * * *
You closely miss the black bear.
The black bear is almost dead.
The black bear bites you but does no damage.
The black bear claws you.
* * * LOW HITPOINT WARNING * * *
The black bear claws you but does no damage.
The black bear bites you but does no damage.
The black bear claws you but does no damage. x2
Casting: Shock (safe; 4% risk of failure)
Confirm with . or Enter, or press ? or * to list all spells.
The black bear is struck by an arc of lightning.
The black bear is almost dead.
You are struck by an arc of lightning.
* * * LOW HITPOINT WARNING * * *
The black bear is struck by an arc of lightning.
You kill the black bear!
You are struck by an arc of lightning.
You die...

... #.# #.#
#.### .... #
#..#
#..####..#
......†♣.####
............#
...#####.##.#
. #.# # #.#
#)# #.# #..
####


There were no monsters in sight!

Vanquished Creatures
  A black bear (D:4)
  Robin (D:2)
  2 ball pythons (D:1)
  2 bats
  3 endoplasms
  8 goblins
  3 hobgoblins
  A frilled lizard (D:2)
  5 kobolds
  4 rats
30 creatures vanquished.

Notes
Turn   | Place    | Note
-------+----------+-------------------------------------------
     0 | D:1      | zishaf the Tengu Air Elementalist began the quest for the
                  | Orb.
     0 | D:1      | Reached XP level 1. HP: 10/10 MP: 4/4
   194 | D:1      | Reached XP level 2. HP: 16/16 MP: 3/6
   198 | D:1      | Learned a level 2 spell: Static Discharge
  1125 | D:2      | Reached skill level 1 in Fighting
  1236 | D:2      | Reached XP level 3. HP: 20/20 MP: 2/7
  1240 | D:2      | Learned a level 3 spell: Swiftness
  1240 | D:2      | Noticed Robin
  1270 | D:2      | Killed Robin
  2270 | D:4      | Noticed a black bear
  2295 | D:4      | HP: 1/30 [/static electricity (3)]
  2295 | D:4      | Killed a black bear
  2295 | D:4      | Killed from afar by themself

Illustrated notes

Levels and vault maps discovered:
D:1:      nicolae_arrival_somewhat_less_tricky_arrival, layout_rooms
D:2:      layout_loops_ring, uniq_robin
D:3:      layout_basic
D:4:      layout_loops_ring, serial_shops, shop

Skill      XL: |  1  2 |
---------------+-------+-----
Conjurations   | 2 |  2.4
Fighting       | 1 |  1.2
Dodging        | |  2.1
Stealth        | |  2.0
Spellcasting   | |  2.4
Air Magic      | |  4.6

Action                   || total
-------------------------++-------
Melee: Short sword       ||    16
       Kick              ||    10
       Whip              ||    24
       Peck              ||     6
 Cast: Shock             ||    45
       Static Discharge  ||     1
  Use: Scroll            ||     9
       Potion            ||     1
 Stab: Sleeping          ||     1
Armor: Robe              ||     5
       Skin              ||    48
Dodge: Dodged            ||    25

Table legend: (Time is in decaauts)
 A = Elapsed time spent in this place.
 B = Non-inter-level travel time spent in this place.
 C = Inter-level travel time spent in this place.
 D = Time resting spent in this place.
 E = Time spent auto-exploring this place.
 F = Levels seen in this place.
 G = Mean time per level.
                   A        B        C        D        E       F      G
               +--------+--------+--------+--------+--------+-----+--------+
         Total |   2294 |   2219 |     75 |     24 |   1906 |   4 |  573.5 |
       Dungeon |   2294 |   2219 |     75 |     24 |   1906 |   4 |  573.5 |
               +--------+--------+--------+--------+--------+-----+--------+

Top non-repeatable levels by time:
     D:2: 999 daAuts
     D:1: 732 daAuts
     D:3: 497 daAuts
     D:4: 65 daAuts
